 Dungeon Crawl Stone Soup version 0.28-a0-1235-g7c8fac35f0 (webtiles) character file.

Game seed: 9454779582080494916

0 Gargoyl the Skirmisher (level 1, -47/23 HPs)
             Began as a Gnoll Abyssal Knight on Dec 25, 2021.
             Was a Follower of Lugonu.
             Killed by an exploding centaur warrior skeleton (52 damage)
             ... ignited by their inner flame
             ... on level 1 of the Abyss.
             The game lasted 00:00:06 (51 turns).

Gargoyl the Skirmisher (Gnoll Abyssal Knight)         Turns: 51, Time: 00:00:07

Health: -47/23     AC:  3    Str: 12    XL:     1   Next: 0%
Magic:  3/3        EV: 12    Int:  9    God:    Lugonu [*.....]
Gold:   15         SH:  0    Dex: 12    Spells: 0/0 levels left

rFire   . . .      SeeInvis .   a - +1 hand axe
rCold   . . .      Faith    .   (no shield)
rNeg    . . .      Spirit   .   b - +0 leather armour
rPois   .          Reflect  .   (no helmet)
rElec   .          Harm     .   (no cloak)
rCorr   .          Rampage  .   (no gloves)
Will    .....                   (no boots)
Stlth   +.........              (no amulet)
HPRegen 0.07/turn               (no ring)
MPRegen 0.08/turn               (no ring)

@: no status effects
A: fangs 1, strong nose, distributed training
a: Renounce Religion, Depart the Abyss


You were on level 1 of the Abyss.
You worshipped Lugonu.
Lugonu was aware of your devotion.
You visited 0 branches of the dungeon, and saw 0 of its levels.
You visited the Abyss 1 time.

You collected 15 gold pieces.

Inventory:

Hand Weapons
 a - a +1 hand axe (weapon)
Armour
 b - a +0 leather armour (worn)


   Skills:
 + Level 6.4 Fighting
 + Level 0.0 Short Blades
 + Level 0.0 Long Blades
 + Level 4.4 Axes
 + Level 0.0 Maces & Flails
 + Level 0.0 Polearms
 + Level 0.0 Staves
 + Level 0.0 Slings
 + Level 0.0 Bows
 + Level 0.0 Crossbows
 + Level 0.0 Throwing
 + Level 4.4 Armour
 + Level 2.3 Dodging
 + Level 0.0 Stealth
 + Level 0.0 Shields
 + Level 0.0 Unarmed Combat
 + Level 0.0 Spellcasting
 + Level 0.0 Conjurations
 + Level 0.0 Hexes
 + Level 0.0 Summonings
 + Level 0.0 Necromancy
 + Level 0.0 Translocations
 + Level 0.0 Transmutations
 + Level 0.0 Fire Magic
 + Level 0.0 Ice Magic
 + Level 0.0 Air Magic
 + Level 0.0 Earth Magic
 + Level 0.0 Poison Magic
 + Level 4.4 Invocations
 + Level 0.0 Evocations


You couldn't memorise any spells.
You didn't know any spells.
Your spell library was empty.

Dungeon Overview and Level Annotations

Branches:
Dungeon (0/15)

Altars:


Innate Abilities, Weirdness & Mutations

You have very sharp teeth.
Your uncanny sense of smell can sniff out nearby items.
Your experience applies equally to all skills.


Message History

c - a scroll labelled MUG ZINARO
Found a hand axe.
A centaur warrior skeleton materialises.
As you read the scroll labelled MUG ZINARO, it crumbles to dust.
The creatures around you are filled with an inner flame!
It was a scroll of immolation.
A centaur warrior skeleton is nearby!
You hit the centaur warrior skeleton.
Flame seeps out of the centaur warrior skeleton.
The centaur warrior skeleton is lightly damaged.
The centaur warrior skeleton is engulfed in blazing flames.
Flame seeps out of the centaur warrior skeleton.
The centaur warrior skeleton barely misses you. x2
You hit the centaur warrior skeleton.
Flame seeps out of the centaur warrior skeleton.
The centaur warrior skeleton is moderately damaged.
The centaur warrior skeleton is engulfed in blazing flames.
Flame seeps out of the centaur warrior skeleton.
The centaur warrior skeleton hits you!
The centaur warrior skeleton completely misses you.
The centaur warrior skeleton is engulfed in blazing flames.
Flame seeps out of the centaur warrior skeleton.
The centaur warrior skeleton closely misses you.
The centaur warrior skeleton kicks you.
You hit the centaur warrior skeleton.
Flame seeps out of the centaur warrior skeleton.
The centaur warrior skeleton is severely damaged.
The centaur warrior skeleton is engulfed in blazing flames.
Flame seeps out of the centaur warrior skeleton.
The centaur warrior skeleton hits you!
* * * LOW HITPOINT WARNING * * *
The centaur warrior skeleton misses you.
You hit the centaur warrior skeleton.
Flame seeps out of the centaur warrior skeleton.
The centaur warrior skeleton is almost destroyed.
The centaur warrior skeleton is engulfed in blazing flames.
The centaur warrior skeleton explodes!
The fiery explosion engulfs you!!!
Ouch! That really hurt!
You die...

.# ##..#### ##
#...#.... .# #
#.......##.###
#...#......
##...#...# #.
#......#@.# .#
#.####§○#..#..
#.....§#.###.
##....####).##
#.##....# .
.#.#
##..#.#.##.
..# #..###...#
#. #..##.# #.
##.. ####.##.
..


There were no monsters in sight!

Vanquished Creatures
  A centaur skeleton (Abyss:1)
1 creature vanquished.

Notes
Turn   | Place    | Note
-------+----------+-------------------------------------------
     0 | Abyss:1  | Gargoyl the Gnoll Abyssal Knight began the quest for the
                  | Orb.
     0 | Abyss:1  | Reached XP level 1. HP: 23/23 MP: 3/3
    43 | Abyss:1  | Noticed a centaur warrior skeleton
    51 | Abyss:1  | Killed a centaur warrior skeleton
    51 | Abyss:1  | Killed by an exploding centaur warrior skeleton... ignited
                  | by their inner flame

Illustrated notes

Levels and vault maps discovered:
Abyss:1:  base: Temple, base: Temple, hangedman_abyss_monster_moat

Action                   || total
-------------------------++-------
Melee: Hand axe          ||     4
  Use: Scroll            ||     1
Dodge: Dodged            ||     5

Table legend: (Time is in decaauts)
 A = Elapsed time spent in this place.
 B = Non-inter-level travel time spent in this place.
 C = Inter-level travel time spent in this place.
 D = Time resting spent in this place.
 E = Time spent auto-exploring this place.
 F = Levels seen in this place.
 G = Mean time per level.
                   A        B        C        D        E       F      G
               +--------+--------+--------+--------+--------+-----+--------+
         Total |     51 |     51 |      0 |      0 |     39 |   1 |   51.0 |
         Abyss |     51 |     51 |      0 |      0 |     39 |   1 |   51.0 |
               +--------+--------+--------+--------+--------+-----+--------+

Top non-repeatable levels by time:
 Abyss:1: 51 daAuts
